 Dungeon Sprint DCSS version 0.26-a0-660-gc07710193c (webtiles) character file.

Game seed: 12691011004032447040

37271 rocky1 the Peltast (level 12, -2/132 HPs)
             Began as a Minotaur Fighter on Oct 8, 2020.
             Was the Champion of Cheibriados.
             Engulfed by a cloud of freezing vapour (9 damage)
             ... in the Dungeon (Sprint III: "The Ten Rune Challenge").
             The game lasted 00:16:48 (3616 turns).

rocky1 the Peltast (Minotaur Fighter)               Turns: 3616, Time: 00:16:48

Health: -2/132     AC: 16    Str: 41    XL:     12   Next: 79%
Magic:  19/19      EV: 24    Int: 20    God:    Cheibriados [******]
Gold:   528        SH: 19    Dex: 25    Spells: 11/11 levels left

rFire    + . .     SeeInvis +   f - +1 war axe (venom)
rCold    . . .     Faith    .   c - +0 kite shield
rNeg     + . .     Spirit   .   b - +0 scale mail
rPois    +         Reflect  .   (helmet restricted)
rElec    .         Harm     .   g - +0 cloak
rCorr    .         Rampage  .   (no gloves)
MR       .....     NoTele   +   (no boots)
Stlth    +.........             (no amulet)
HPRegen  0.32/turn              v - ring "Buteuq" {rPois rF+ rN+ AC+4 SInv}
MPRegen  0.16/turn              (no ring)

@: very slow
A: retaliatory headbutt, horns 2, rugged brown scales 1, mutation resistance 1,
robust 1
}: 1/10 runes: serpentine
a: Bend Time, Temporal Distortion, Slouch, Step From Time, Renounce Religion


You were in the Dungeon.
You worshipped Cheibriados.
Cheibriados was exalted by your worship.
You visited 1 branch You collected 1640 gold pieces.
You spent 1112 gold pieces at shops.

Inventory:

Hand Weapons
 f - a +1 war axe of venom (weapon)
 i - a +2 long sword of holy wrath
 q - a +1 scimitar of flaming
 s - a +1 hand axe of flaming
Missiles
 d - 7 curare-tipped darts
 r - 7 boomerangs (quivered)
 t - 5 javelins
 u - 4 atropa-tipped darts
Armour
 b - a +0 scale mail (worn)
 c - a +0 kite shield (worn)
 g - a +0 cloak (worn)
Jewellery
 v - the ring "Buteuq" (left hand) {rPois rF+ rN+ AC+4 SInv}
   (You bought it in a shop in the Dungeon)

   [ring of protection]

   It affects your AC (+4).
   It protects you from fire.
   It protects you from poison.
   It protects you from negative energy.
   It lets you see invisible.
Scrolls
 j - a scroll of blinking
 k - 2 scrolls of torment {unknown}
 l - 4 scrolls of remove curse
 m - 3 scrolls of identify
Potions
 e - 4 potions of curing
 h - 2 potions of magic
 n - a potion of flight {unknown}
 o - 3 potions of mutation
 p - a potion of ambrosia {unknown}


   Skills:
 + Level 14.1 Fighting
 + Level 12.3 Long Blades
 - Level 16.9 Axes
 + Level 14.0 Armour
 + Level 12.8 Dodging
 + Level 19.3 Shields
 + Level 11.7 Invocations


You had 11 spell levels left.
You didn't know any spells.
Your spell library contained the following spells:

 Spells                   Type           Power        Failure   Level
 Confusing Touch          Hex            #.......     63%         3
 Gell's Gravitas          Tloc           #.........   63%         3
 Petrify                  Tmut/Erth      #.......     95%         4
 Metabolic Englaciation   Hex/Ice        #.........   100%        5
 Yara's Violent Unravell  Hex/Tmut       #.........   100%        5


Dungeon Overview and Level Annotations

Branches:
Dungeon (1/1)

Altars:
Cheibriados
Dithmenos
Elyvilon
Fedhas
Gozag
Hepliaklqana
Kikubaaqudgha
Makhleb
Nemelex Xobeh
Okawaru
Qazlal
Ru
Sif Muna
Trog
Uskayaw
Vehumet
Wu Jian
Xom
Yredelemnul
Zin
The Shining One
Beogh
Jiyva
Lugonu

Shops:
D ((=!


Innate Abilities, Weirdness & Mutations

You reflexively headbutt those who attack you in melee.
You have a pair of horns on your head.
You are partially covered in rugged brown scales. (AC +1, +3% HP)
You are somewhat resistant to further mutation.
You are robust. (+10% HP)


Message History

You are engulfed in freezing vapours.
* * * LOW HITPOINT WARNING * * *
m - 3 scrolls of identify (gained 1)
You are engulfed in freezing vapours.
* * * LOW HITPOINT WARNING * * *
You feel much better.
You are engulfed in freezing vapours.
* * * LOW HITPOINT WARNING * * *
You open the door. 2 simulacra come into view.
You are engulfed in freezing vapours.
* * * LOW HITPOINT WARNING * * *
Found a phantom mirror and a long glowing staff.
You closely miss the wolf simulacrum.
You are engulfed in freezing vapours.
* * * LOW HITPOINT WARNING * * *
You block the wolf simulacrum's attack.
You hit the wolf simulacrum.
Your headbutt misses the wolf simulacrum.
The wolf simulacrum is moderately damaged.
You are engulfed in freezing vapours.
You die...

♣≈≈≈........≈≈≈...##.#.#.##......
'♣≈≈≈≈≈≈≈≈≈≈≈≈♣♣P.'.#.#.#.#......
♣♣♣♣♣♣♣♣♣♣♣♣♣♣♣♣P.##.#.#.########
♣♣ ♣♣♣##)##### '♣♣♣♣♣♣♣♣♣♣♣♣♣♣♣
♣#.).+ .##..##≈≈≈≈≈≈..# ☼#...#
##.##.#≈≈≈≈≈...# Z#...#
#.##†##'≈≈≈≈○####Z#####
#.##.).#(≈..§○..@.#
##†##..#≈..+#######
##.#####...#()(...#
...##......#♣♣♣._.#
#####'#############
#...........## #............#
###########).# ##...........#


You could see 2 wolf simulacra.

Vanquished Creatures
  Sigmund (D)
  A nagaraja (D)
  2 hydras (D)
  A naga warrior (D)
  4 anacondas (D)
  Erica (D)
  A centaur warrior (D)
  Urug (D)
  2 deep elf knights (D)
  An unseen horror (D)
  A spriggan druid (D)
  A death drake (D)
  A lindwurm (D)
  4 deep elf magi (D)
  4 black mambas (D)
  A guardian serpent (D)
  Edmund (D)
  2 cane toads (D)
  A komodo dragon (D)
  A queen bee (D)
  2 tyrant leeches (D)
  3 wandering mushrooms (D)
  2 spriggans (D)
  3 redbacks (D)
  A shadow (D)
  A spatial vortex (D)
  3 water moccasins (D)
  2 nagas (D)
  6 orc warriors (D)
  2 centaurs (D)
  A necrophage (D)
  An earth elemental (D)
  A water elemental (D)
  32 killer bees (D)
  An electric eel (D)
  A jelly (D)
  An orc priest (D)
  Crazy Yiuf (D)
  Jessica (D)
  An orc wizard (D)
  A necromancer (D)
  A wizard (D)
  A kobold demonologist (D)
  3 humans (D)
  An adder (D)
  An ooze (D)
  9 orcs (D)
  A hobgoblin (D)
  2 rats (D)
118 creatures vanquished.

Vanquished Creatures (others)
  A fire dragon (D)
  An anaconda (D)
  A spriggan defender (D)
  3 orc high priests (D)
  A hornet (D)
  2 ballistomycete spores (D)
  27 plants (D)
36 creatures vanquished.

Grand Total: 154 creatures vanquished

Notes
Turn   | Place    | Note
-------+----------+-------------------------------------------
     0 | D        | rocky1 the Minotaur Fighter began the quest for the Orb.
     0 | D        | Reached XP level 1. HP: 19/19 MP: 0/0
     7 | D        | Reached skill level 4 in Shields
    14 | D        | Noticed Jessica
    19 | D        | Killed Jessica
    19 | D        | Reached skill level 5 in Axes
    19 | D        | Reached skill level 6 in Shields
    19 | D        | Reached XP level 2. HP: 25/26 MP: 1/1
    19 | D        | Reached XP level 3. HP: 29/31 MP: 2/2
    68 | D        | Reached skill level 7 in Shields
   305 | D        | Noticed Crazy Yiuf
   313 | D        | Killed Crazy Yiuf
   313 | D        | Reached XP level 4. HP: 38/39 MP: 3/3
   342 | D        | Gained mutation: You evolve. [potion of mutation]
   342 | D        | Gained mutation: You have large cloven feet. [potion of
                  | mutation]
   343 | D        | Lost mutation: You have large cloven feet. [potion of
                  | mutation]
   343 | D        | Lost mutation: You evolve. [potion of mutation]
   343 | D        | Gained mutation: Scrolls take you a little longer to read.
                  | [potion of mutation]
   343 | D        | Gained mutation: You expend magic power (3 MP) to
                  | strengthen your wands. [potion of mutation]
   344 | D        | Lost mutation: Scrolls take you a little longer to read.
                  | [potion of mutation]
   344 | D        | Lost mutation: You expend magic power (3 MP) to strengthen
                  | your wands. [potion of mutation]
   344 | D        | Gained mutation: You are robust. (+10% HP) [potion of
                  | mutation]
   344 | D        | Gained mutation: You are somewhat resistant to further
                  | mutation. [potion of mutation]
   344 | D        | Gained mutation: You are partially covered in rugged brown
                  | scales. (AC +1, +3% HP) [potion of mutation]
   392 | D        | Noticed a water elemental
   396 | D        | Killed a water elemental
   396 | D        | Reached skill level 9 in Shields
   396 | D        | Reached XP level 5. HP: 50/50 MP: 4/4
   504 | D        | Noticed a shadow
   517 | D        | Killed a shadow
   517 | D        | Reached skill level 11 in Shields
   517 | D        | Reached XP level 6. HP: 13/57 MP: 5/5
   752 | D        | Found a blossoming altar of Fedhas.
   752 | D        | Found a stormy altar of Qazlal.
   752 | D        | Found a snail-covered altar of Cheibriados.
   752 | D        | Found a burning altar of Makhleb.
   752 | D        | Found a shimmering altar of Xom.
   752 | D        | Noticed a spatial vortex
   753 | D        | Found a hazy altar of Hepliaklqana.
   753 | D        | Found an opulent altar of Gozag.
   753 | D        | Found a sparkling altar of Nemelex Xobeh.
   753 | D        | Found a corrupted altar of Lugonu.
   753 | D        | Found a viscous altar of Jiyva.
   756 | D        | Became a worshipper of Cheibriados the Contemplative
   767 | D        | Killed a spatial vortex
   767 | D        | Reached skill level 12 in Shields
   849 | D        | Found a basalt altar of Yredelemnul.
   849 | D        | Found a shadowy altar of Dithmenos.
   849 | D        | Found a sacrificial altar of Ru.
   854 | D        | Reached * piety under Cheibriados
   854 | D        | Reached XP level 7. HP: 49/64 MP: 6/6
   930 | D        | Found a hide-covered altar of Uskayaw.
   930 | D        | Found a roughly hewn altar of Beogh.
   930 | D        | Found an iron altar of Okawaru.
   930 | D        | Found a bloodstained altar of Trog.
   930 | D        | Found an ornate altar of the Wu Jian Council.
   930 | D        | Noticed a human
   930 | D        | Noticed a human
   939 | D        | Killed a human
   939 | D        | Reached skill level 13 in Shields
   950 | D        | Killed a human
   950 | D        | Reached ** piety under Cheibriados
   950 | D        | Reached skill level 14 in Shields
  1015 | D        | Found a radiant altar of Vehumet.
  1015 | D        | Found a shimmering blue altar of Sif Muna.
  1015 | D        | Found an ancient bone altar of Kikubaaqudgha.
  1023 | D        | Reached *** piety under Cheibriados
  1045 | D        | Found a glowing silver altar of Zin.
  1045 | D        | Found a glowing golden altar of the Shining One.
  1045 | D        | Found a white marble altar of Elyvilon.
  1046 | D        | Noticed a deep elf mage
  1054 | D        | Killed a deep elf mage
  1054 | D        | Reached skill level 15 in Shields
  1054 | D        | Reached XP level 8. HP: 72/72 MP: 7/7
  1076 | D        | Noticed Erica
  1081 | D        | Killed Erica
  1081 | D        | Reached skill level 5 in Fighting
  1081 | D        | Reached skill level 15 in Axes
  1081 | D        | Reached skill level 5 in Armour
  1110 | D        | Reached **** piety under Cheibriados
  1110 | D        | Reached XP level 9. HP: 51/84 MP: 10/10
  1356 | D        | Noticed a centaur warrior
  1365 | D        | Killed a centaur warrior
  1365 | D        | Reached skill level 5 in Dodging
  1366 | D        | Reached ***** piety under Cheibriados
  1485 | D        | Found Kekhunau's Weapon Shoppe.
  1495 | D        | Reached skill level 16 in Shields
  1500 | D        | Reached skill level 5 in Invocations
  1505 | D        | Reached ****** piety under Cheibriados
  1644 | D        | Bought a +1 hand axe of flaming for 161 gold pieces
  1658 | D        | Noticed a deep elf mage
  1658 | D        | Noticed a deep elf knight
  1658 | D        | Noticed a deep elf mage
  1658 | D        | Noticed a deep elf knight
  1658 | D        | Noticed a deep elf mage
  1667 | D        | Killed a deep elf knight
  1667 | D        | Reached XP level 10. HP: 99/99 MP: 13/13
  1668 | D        | Killed a deep elf mage
  1671 | D        | Killed a deep elf mage
  1675 | D        | Killed a deep elf knight
  1676 | D        | Killed a deep elf mage
  1676 | D        | Reached skill level 5 in Long Blades
  1831 | D        | Killed an unseen horror
  1981 | D        | Reached skill level 17 in Shields
  1985 | D        | Reached skill level 10 in Fighting
  2026 | D        | Reached skill level 10 in Armour
  2032 | D        | Reached XP level 11. HP: 110/113 MP: 15/15
  2061 | D        | Noticed Sigmund
  2061 | D        | Noticed Edmund
  2069 | D        | Killed Sigmund
  2069 | D        | Reached skill level 10 in Dodging
  2082 | D        | Killed Edmund
  2220 | D        | Reached skill level 18 in Shields
  2299 | D        | Noticed a lindwurm
  2306 | D        | Killed a lindwurm
  2473 | D        | Noticed Urug
  2482 | D        | Killed Urug
  2482 | D        | Reached skill level 10 in Long Blades
  2482 | D        | Reached skill level 10 in Invocations
  2497 | D        | Noticed a five-headed hydra
  2497 | D        | Noticed a four-headed hydra
  2505 | D        | Killed a one-headed hydra
  2505 | D        | Reached XP level 12. HP: 103/127 MP: 18/18
  2510 | D        | Killed a one-headed hydra
  2616 | D        | Found a blossoming altar of Fedhas.
  2710 | D        | Killed a fire dragon
  2719 | D        | Killed an anaconda
  2825 | D        | Noticed an anaconda
  2825 | D        | Noticed an anaconda
  2838 | D        | Killed an anaconda
  2843 | D        | Killed an anaconda
  3038 | D        | Noticed an anaconda
  3041 | D        | Killed an anaconda
  3041 | D        | Reached skill level 19 in Shields
  3086 | D        | Noticed an anaconda
  3095 | D        | Killed an anaconda
  3192 | D        | Noticed a naga warrior
  3192 | D        | Noticed a nagaraja
  3194 | D        | Found Wuodusell's Antique Weapon Shop.
  3194 | D        | Found Jeygopn's Jewellery Shoppe.
  3205 | D        | Killed a nagaraja
  3206 | D        | Found Plog's Distillery.
  3214 | D        | Killed a naga warrior
  3525 | D        | Got a serpentine rune of Zot
  3539 | D        | Bought a glowing war axe for 104 gold pieces
  3542 | D        | Bought the ring "Buteuq" {rPois rF+ rN+ AC+4 SInv} for 751
                  | gold pieces
  3552 | D        | Bought a potion of curing for 36 gold pieces
  3552 | D        | Bought a potion of heal wounds for 60 gold pieces
  3616 | D        | Engulfed by a cloud of freezing vapour

Illustrated notes

Levels and vault maps discovered:
D:        dungeon_sprint_mu [sprint_mu_entry_forest, sprint_mu_temple_rooms,
          sprint_mu_d1_horrors, sprint_mu_d2_genie, sprint_mu_d3_branching,
          sprint_mu_orc_legion, sprint_mu_elf_gauntlet, sprint_mu_hive_nellie,
          sprint_mu_lair_fedhas, sprint_mu_vaults_butterflies,
          sprint_mu_slime_circle, sprint_mu_swamp_cave, sprint_mu_snake_twists,
          sprint_mu_blade_basic, sprint_mu_crypt_chambers,
          sprint_mu_tomb_spiral, sprint_mu_vestibule_basic,
          sprint_mu_gehenna_hellfire, sprint_mu_dis_giant,
          sprint_mu_tartarus_statrot, sprint_mu_cocytus_islands, sprint_mu_zot1]

Skill      XL: |  1  2  3  4  5  6  7  8  9 10 11 12 |
---------------+-------------------------------------+-----
Axes           | 5 7 8 11 12 14 15 16 | 16.9
Shields        | 6 7 9 11 12 15 16 17 18 19 | 19.3
Fighting       | 5 8 10 12 14 | 14.1
Armour         | 5 8 10 12 14 | 14.0
Dodging        | 3 6 8 11 12 | 12.8
Invocations    | 3 5 7 10 11 | 11.7
Long Blades    | 2 6 10 12 | 12.3

Action                   |  1- 3 |  4- 6 |  7- 9 | 10-12 || total
-------------------------+-------+-------+-------+-------++-------
Melee: War axe           |    32 |    33 |    86 |     2 ||   153
       Headbutt          |     3 |    10 |    34 |   102 ||   149
       Hand axe          |       |       |     3 |   298 ||   301
  Use: Potion            |     1 |     4 |     1 |     2 ||     8
Armor: Scale mail        |    10 |     2 |     8 |    17 ||    37
Dodge: Dodged            |     2 |     4 |    20 |   112 ||   138
Block: Kite shield       |    11 |     6 |    31 |   174 ||   222

Table legend: (Time is in decaauts)
 A = Elapsed time spent in this place.
 B = Non-inter-level travel time spent in this place.
 C = Inter-level travel time spent in this place.
 D = Time resting spent in this place.
 E = Time spent auto-exploring this place.
 F = Levels seen in this place.
 G = Mean time per level.
                   A        B        C        D        E       F      G
               +--------+--------+--------+--------+--------+-----+--------+
         Total |   4091 |   4007 |     84 |   2297 |      0 |   1 | 4091.0 |
       Dungeon |   4091 |   4007 |     84 |   2297 |      0 |   1 | 4091.0 |
               +--------+--------+--------+--------+--------+-----+--------+

Top non-repeatable levels by time:
       D: 4091 daAuts
